Workbook
Name _ftn1: 'Sources & Uses Specified Offeri'!#REF!
Name _ftn2: 'Sources & Uses Specified Offeri'!#REF!
Name _ftn3: 'Sources & Uses Specified Offeri'!#REF!
Name _ftnref: 'Sources & Uses Specified Offeri'!#REF!

Sheet Sources & Uses Specified Offeri
D4: 5-Year Projected Returns
D5: Success Metric | F5: Investor Class (<$500K) | G5: Investor Class ($+500K)
D6: Minimum Investment ($) | F6: $100K | G6: $500K
D7: IRR (base case) (%) | F7: 0.17 | G7: 0.18264331
D8: IRR (upside scenario) (%) | F8: 0.32 | G8: 0.38
D9: Annualized Return (%) | F9: 0.195 | G9: 0.21
D10: Equity Multiple | F10: 2.0x | G10: 2.2x
D11: Project Returns (base case) (%) | F11: 0.19356213 | G11: =F11 -> 0.19356213
D12: Cash on Cash (%) | F12: 0.08 | G12: 0.08
D16: Distribution Waterfall (<$500K) | F16: Distribution Waterfall (+$500K)
D18: Investors receive any accrued but unpaid 8% preferred return. Investors receive 100% of their original invested capital back | F18: Investors receive any accrued but unpaid 9% preferred return. Investors receive 100% of their original invested capital back
D19: Distributions up to 15% IRR are split 80 / 20 to LP / GP | F19: Distributions up to 15% IRR are split 90 / 10 to LP / GP
D20: Distributions up to 22% IRR are split 70 / 30 to LP / GP | F20: Distributions up to 22% IRR are split 85 / 15 to LP / GP
D21: Excess distributions are split 50 / 50 to LP / GP | F21: Excess distributions are split 75 / 25 to LP / GP

Sheet Fund of Funds Model 
C2: Direct Investment Into Fund
D3: Single Investor | E3: Fund of Funds | G3: Direct Investment Into Fund
C4: Key Underwriting Criteria & Assumptions | D4: <$500K invested | E4: $+500K invested | G4: Time (years) | H4: 0 | I4: 1 | J4: 2 | K4: 3 | L4: 4 | M4: 5
G5: Cash Flows (<$500K invested scenario1)
C6: Acquisition Fee ( % of purchase price) | D6: 0.02 | E6: 0.01 | G6: A. Gross Project Cash Flows | H6: =-E15 -> -1000000 | I6: ='Sources & Uses Specified Offeri'!$F$12*$E$15 -> 80000 | J6: ='Sources & Uses Specified Offeri'!$F$12*$E$15 -> 80000 | K6: ='Sources & Uses Specified Offeri'!$F$12*$E$15 -> 80000 | L6: ='Sources & Uses Specified Offeri'!$F$12*$E$15 -> 80000 | M6: =-(H6+SUM(I17:M17))*(1+$D$26)^M4 -> 1914448.6
C7: Asset Management Fee (% gross rent) | D7: 0.02 | E7: 0.015 | G7: B. Preferred Return Hurdle (LP) | I7: =-$D$8*$H$6 -> 80000 | J7: =-$D$8*$H$6 -> 80000 | K7: =-$D$8*$H$6 -> 80000 | L7: =-$D$8*$H$6 -> 80000 | M7: =-$D$8*$H$6-H6+IF(I8<0,-I8,0)+IF(J8<0,-J8,0)+IF(K8<0,-K8,0)+IF(L8<0,-L8,0) -> 1080000
C8: Preferred Return (hurdle rate) | D8: 0.08 | E8: 0.09 | G8: C. Promote (A-B) | I8: =I6-I7 -> 0 | J8: =J6-J7 -> 0 | K8: =K6-K7 -> 0 | L8: =L6-L7 -> 0 | M8: =M6-M7 -> 834448.61
C9: Promote | G9: D. LP Promote (tier 1 X C) | I9: =I8*(1-$D$10) -> 0 | J9: =J8*(1-$D$10) -> 0 | K9: =K8*(1-$D$10) -> 0 | L9: =L8*(1-$D$10) -> 0 | M9: =IF(SUM(M7:M8)>M18,(M18-M7)*(1-D10),M8*(1-D10)) -> 377573.35
C10: (tier 1: 10 to 15% IRR) | D10: 0.2 | E10: =D10*0.5 -> 0.1 | G10: E. GP Promote (tier 1 X C) | I10: =I8*$D$10 -> 0 | J10: =J8*$D$10 -> 0 | K10: =K8*$D$10 -> 0 | L10: =L8*$D$10 -> 0 | M10: =M9/(1-D10)*D10 -> 94393.337 | O10: LP Average Cash on Cash | P10: =AVERAGE(I15:L15)/-H6 -> 0.08
C11: (tier 2: +15% IRR) | D11: 0.3 | E11: =D11*0.5 -> 0.15 | G11: F. LP Promote (tier 2 X C) | M11: =IF(SUM(M7:M8)>M19,(M19-M18)*(1-D11),IF(SUM(M7:M8)>M18,(SUM(M7:M8)-M18)*(1-D11),0)) -> 253737.35 | O11: LP Equity Multiple | P11: =-SUM(I15:M15)/H15 -> 2.0313107
C12: (tier 3: +22% IRR) | D12: 0.5 | E12: =D12*0.5 -> 0.25 | G12: G. GP Promote (tier 2 X C) | M12: =M11/(1-D11)*D11 -> 108744.58 | O12: LP Annualized Return | P12: =(SUM(H15:M15)/5)/E15 -> 0.20626214
C13: Targeted Entry Cap Rate | D13: 0.081953187 | E13: =D13 -> 0.081953187 | G13: H. LP Promote (tier 3 X C) | M13: =(M8-SUM(M9:M12))*(1-D12) -> 0 | O13: LP IRR | P13: =IRR(H15:M15) -> 0.17000178
C14: Targeted Cash on Cash | D14: 0.08 | E14: =D14 -> 0.08 | G14: I. GP Promote (tier 3 X C) | M14: =(M8-SUM(M9:M12))*(D12) -> 0
C15: LP $s Invested (min investment) | D15: 100000 | E15: 1000000 | G15: H. Total LP Cash Flows (B+D+F) | H15: =SUM(H6:H14) -> -1000000 | I15: =IF(I8>0,I7+I9+I11,I7+I8) -> 80000 | J15: =IF(J8>0,J7+J9+J11,J7+J8) -> 80000 | K15: =IF(K8>0,K7+K9+K11,K7+K8) -> 80000 | L15: =IF(L8>0,L7+L9+L11,L7+L8) -> 80000 | M15: =M7+M9+M11+M13 -> 1711310.7
G16: Discounted Cashflows For IRR calculations | O16: Project IRR Check | P16: =IRR(H6:M6) -> 0.19356213
G17: Present Value of Project Cash Flows @ Project IRR | I17: =I6/(1+$D$26)^I4 -> 67026.256 | J17: =J6/(1+$D$26)^J4 -> 56156.487 | K17: =K6/(1+$D$26)^K4 -> 47049.488 | L17: =L6/(1+$D$26)^L4 -> 39419.387 | O17: 15% IRR Hurdle Check | P17: =IRR(H20:M20) -> 0.15
G18: Present Value of LP Cash Fows @ 15% IRR | I18: =I15/(1+0.15)^I4 -> 69565.217 | J18: =J15/(1+0.15)^J4 -> 60491.493 | K18: =K15/(1+0.15)^K4 -> 52601.299 | L18: =L15/(1+0.15)^L4 -> 45740.26 | M18: =-(H15+SUM(I18:L18))*(1+0.15)^M4 -> 1551966.7 | O18: 22% IRR Hurdle Check | P18: =IRR(H21:M21) -> 0.22
G19: Present Value of LP Cash Fows @ 22% IRR | I19: =I15/(1+0.22)^I4 -> 65573.77 | J19: =J15/(1+0.22)^J4 -> 53748.992 | K19: =K15/(1+0.22)^K4 -> 44056.551 | L19: =L15/(1+0.22)^L4 -> 36111.927 | M19: =-(H15+SUM(I19:L19))*(1+0.22)^M4 -> 2163541.6
G20: LP cash flows check for 15% IRR | H20: =H15 -> -1000000 | I20: =I15 -> 80000 | J20: =J15 -> 80000 | K20: =K15 -> 80000 | L20: =L15 -> 80000 | M20: =M18 -> 1551966.7
G21: LP cash flows check for 22% IRR | H21: =H15 -> -1000000 | I21: =I6 -> 80000 | J21: =J6 -> 80000 | K21: =K6 -> 80000 | L21: =L6 -> 80000 | M21: =M19 -> 2163541.6
C22: Equity Raised | D22: 20000000
C23: Targeted LTV | D23: 0.6
C24: Purchase Price (Asset Value) | D24: =D22/(1-D23) -> 50000000 | G24: Time (years) | H24: 0 | I24: 1 | J24: 2 | K24: 3 | L24: 4 | M24: 5
C25: Project Economics ( illustration) | G25: Cash Flows (+$500K invested scenario2)
C26: Project IRR | D26: 0.19356213 | G26: A. Gross Project Cash Flows | H26: =-E15 -> -1000000 | I26: ='Sources & Uses Specified Offeri'!$G$12*$E$15 -> 80000 | J26: ='Sources & Uses Specified Offeri'!$G$12*$E$15 -> 80000 | K26: ='Sources & Uses Specified Offeri'!$G$12*$E$15 -> 80000 | L26: ='Sources & Uses Specified Offeri'!$G$12*$E$15 -> 80000 | M26: =M6 -> 1914448.6
G27: B. Preferred Return Hurdle (LP) | I27: =-$E$8*$H$6 -> 90000 | J27: =-$E$8*$H$6 -> 90000 | K27: =-$E$8*$H$6 -> 90000 | L27: =-$E$8*$H$6 -> 90000 | M27: =-$E$8*$H$6-H26+IF(I28<0,-I28,0)+IF(J28<0,-J28,0)+IF(K28<0,-K28,0)+IF(L28<0,-L28,0) -> 1130000
G28: C. Promote (A-B) | I28: =I26-I27 -> -10000 | J28: =J26-J27 -> -10000 | K28: =K26-K27 -> -10000 | L28: =L26-L27 -> -10000 | M28: =M26-M27 -> 784448.61 | O28: LP Average Cash on Cash | P28: =AVERAGE(I35:L35)/-H26 -> 0.08
G29: D. LP Promote (tier 1 X C) | M29: =IF(SUM(M27:M28)>M39,(M39-M27)*(1-E10),M28*(1-E10)) -> 379770.02 | O29: LP Equity Multiple | P29: =-SUM(I35:M35)/H35 -> 2.1378797
G30: E. GP Promote (tier 1 X C) | M30: =M29/(1-E10)*E10 -> 42196.669 | O30: LP Annualized Return | P30: =(SUM(H35:M35)/5)/E15 -> 0.22757593
G31: F. LP Promote (tier 2 X C) | M31: =IF(SUM(M27:M28)>M40,(M40-M39)*(1-E11),IF(SUM(M27:M28)>M39,(SUM(M27:M28)-M39)*(1-E11),0)) -> 308109.64 | O31: LP IRR | P31: =IRR(H35:M35) -> 0.18260983
G32: G. GP Promote (tier 2 X C) | M32: =M31/(1-E11)*E11 -> 54372.289
G33: H. LP Promote (tier 3 X C) | M33: =(M28-SUM(M29:M32))*(1-E12) -> 0
G34: I. GP Promote (tier 3 X C) | M34: =(M28-SUM(M29:M32))*(E12) -> 0
G35: H. Total LP Cash Flows (B+D+F) | H35: =H26 -> -1000000 | I35: =SUM(I27:I34) -> 80000 | J35: =IF(J28>0,J27+J29+J31,J27+J28) -> 80000 | K35: =IF(K28>0,K27+K29+K31,K27+K28) -> 80000 | L35: =IF(L28>0,L27+L29+L31,L27+L28) -> 80000 | M35: =M27+M29+M31+M33 -> 1817879.7
G37: Discounted Cashflows For IRR calculations
G38: Present Value of Project Cash Flows @ Project IRR | I38: =I26/(1+$D$26)^I24 -> 67026.256 | J38: =J26/(1+$D$26)^J24 -> 56156.487 | K38: =K26/(1+$D$26)^K24 -> 47049.488 | L38: =L26/(1+$D$26)^L24 -> 39419.387
G39: Present Value of LP Cash Fows @ 15% IRR | I39: =I18 -> 69565.217 | J39: =J18 -> 60491.493 | K39: =K18 -> 52601.299 | L39: =L18 -> 45740.26 | M39: =M18 -> 1551966.7 | O39: Project IRR Check | P39: =IRR(H26:M26) -> 0.19356213
G40: Present Value of LP Cash Fows @ 22% IRR | I40: =I19 -> 65573.77 | J40: =J19 -> 53748.992 | K40: =K19 -> 44056.551 | L40: =L19 -> 36111.927 | M40: =M19 -> 2163541.6 | O40: 15% IRR Hurdle Check | P40: =IRR(H41:M41) -> 0.15
G41: LP cash flows check for 15% IRR | H41: =H15 -> -1000000 | I41: =I20 -> 80000 | J41: =J20 -> 80000 | K41: =K20 -> 80000 | L41: =L20 -> 80000 | M41: =M20 -> 1551966.7 | O41: 22% IRR Hurdle Check | P41: =IRR(H42:M42) -> 0.22
G42: LP cash flows check for 22% IRR | H42: =H15 -> -1000000 | I42: =I21 -> 80000 | J42: =J21 -> 80000 | K42: =K21 -> 80000 | L42: =L21 -> 80000 | M42: =M21 -> 2163541.6
G44: GP Cash Flows (<$500K invested scenario1) | O44: Total GP Proceeds | P44: % of Equity Invested
G45: Acquisition Fee ( % of purchase price) | H45: =E15/D22*(D24*D6) -> 50000
G46: Asset Management Fee (% gross rent) (tenant pays) | I46: =$D$13*$E$15/$D$23*$D$7 -> 2731.7729 | J46: =I46 -> 2731.7729 | K46: =J46 -> 2731.7729 | L46: =K46 -> 2731.7729 | M46: =L46 -> 2731.7729
G47: Promote | M47: =M10+M12+M14 -> 203137.92
G48: Total GP Cash Flows | H48: =SUM(H45:H47) -> 50000 | I48: =SUM(I45:I47) -> 2731.7729 | J48: =SUM(J45:J47) -> 2731.7729 | K48: =SUM(K45:K47) -> 2731.7729 | L48: =SUM(L45:L47) -> 2731.7729 | M48: =SUM(M45:M47) -> 205869.69 | O48: =SUM(H48:M48) -> 266796.78 | P48: =O48/$E$15 -> 0.26679678
G50: GP Cash Flows (+$500K invested scenario2) | O50: Total GP Proceeds | P50: % of Equity Invested
G51: Acquisition Fee ( % of purchase price) | H51: =E15/D22*(D24*E6) -> 25000
G52: Asset Management Fee (% gross rent) (tenant pays) | I52: =$D$13*$E$15/$D$23*$E$7 -> 2048.8297 | J52: =I52 -> 2048.8297 | K52: =J52 -> 2048.8297 | L52: =K52 -> 2048.8297 | M52: =L52 -> 2048.8297
G53: Promote | M53: =M30+M32+M34 -> 96568.958
G54: Total GP Cash Flows | H54: =SUM(H51:H53) -> 25000 | I54: =SUM(I51:I53) -> 2048.8297 | J54: =SUM(J51:J53) -> 2048.8297 | K54: =SUM(K51:K53) -> 2048.8297 | L54: =SUM(L51:L53) -> 2048.8297 | M54: =SUM(M51:M53) -> 98617.787 | O54: =SUM(H54:M54) -> 131813.11 | P54: =O54/$E$15 -> 0.13181311
G56: (1) For modeling comparison purposes, this is the economics the GP receives if they sourced this amount via several investors
G57: writing checks for <$500K. The amount is set the same for the $+500K scenio to provide easier apples to apples comparisons
G58: (2) This scenario is for Fund of Funds where all the money comes in at this level e.g., 1 wire for this amount.
C61: Direct Investment Into Fund of Funds
C62: Fund of Funds (Fund Manager) | G62: Fund of Funds Investment into Health Wealth Fund 1
C63: Key Underwriting Criteria & Assumptions | G63: Time (years) | H63: 0 | I63: 1 | J63: 2 | K63: 3 | L63: 4 | M63: 5
C64: Fund Manager Economics | D64: % | G64: Cash Flows (Fund Inbound Cash Flows from owning A1 shares) | I64: =I68/(1+$D$26)^I63 -> -502.69692 | J64: =J68/(1+$D$26)^J63 -> -421.17365 | K64: =K68/(1+$D$26)^K63 -> -352.87116 | L64: =L68/(1+$D$26)^L63 -> -295.64541 | M64: =M68/(1+$D$26)^M63 -> -247.70006
C65: Due Diligence Fee ( % of equity raised) | D65: 0.025 | G65: A. Gross Project Cash Flows | H65: =H26 -> -1000000 | I65: =I35+(I46-I52) -> 80682.943 | J65: =J35+(J46-J52) -> 80682.943 | K65: =K35+(K46-K52) -> 80682.943 | L65: =L35+(L46-L52) -> 80682.943 | M65: =M35+(M46-M52) -> 1818562.6
C66: AuM Fee (% of equity raised) | D66: 0.0006 | G66: Due Diligence Fee | H66: =D65*E15 -> 25000
C67: Preferred Return (hurdle rate) | D67: 0.08 | G67: Fund Expenses (Avestor or Tribevest3 full service solution)
C68: Promote (investors of Fund) | G68: Fund Admin Fee | I68: =-D66*E15 -> -600 | J68: =I68 -> -600 | K68: =J68 -> -600 | L68: =K68 -> -600 | M68: =L68 -> -600
C69: GP | D69: 0.15 | G69: H. Total Fund LP Net Cash Flows | H69: =SUM(H65:H68) -> -975000 | I69: =SUM(I65:I68) -> 80082.943 | J69: =SUM(J65:J68) -> 80082.943 | K69: =SUM(K65:K68) -> 80082.943 | L69: =SUM(L65:L68) -> 80082.943 | M69: =SUM(M65:M68) -> 1817962.6
C70: LP | D70: =1-D69 -> 0.85
G72: Direct Investment Into Fund (what LP shareholders receive)
G73: Time (years) | H73: 0 | I73: 1 | J73: 2 | K73: 3 | L73: 4 | M73: 5
G74: Cash Flows (A2 shares - <$500K invested scenario1) | I74: 0.082267078 | J74: 0.087636139 | K74: 0.093143788 | L74: 0.098793603 | M74: 0.10458925
G75: A. Gross Project Cash Flows | H75: =H65 -> -1000000 | I75: =I69 -> 80082.943 | J75: =J69 -> 80082.943 | K75: =K69 -> 80082.943 | L75: =L69 -> 80082.943 | M75: =M69 -> 1817962.6
G76: B. Preferred Return Hurdle (LP) | I76: =-$D$67*$H$6 -> 80000 | J76: =-$D$67*$H$6 -> 80000 | K76: =-$D$67*$H$6 -> 80000 | L76: =-$D$67*$H$6 -> 80000 | M76: =-$D$67*$H$6-H75+IF(I77<0,-I77,0)+IF(J77<0,-J77,0)+IF(K77<0,-K77,0)+IF(L77<0,-L77,0) -> 1080000
G77: C. Promote (A-B) | I77: =I75-I76 -> 82.943227 | J77: =J75-J76 -> 82.943227 | K77: =K75-K76 -> 82.943227 | L77: =L75-L76 -> 82.943227 | M77: =M75-M76 -> 737962.6
G78: D. LP Promote | I78: =I77*(1-$D$69) -> 70.501743 | J78: =J77*(1-$D$69) -> 70.501743 | K78: =K77*(1-$D$69) -> 70.501743 | L78: =L77*(1-$D$69) -> 70.501743 | M78: =M77*(1-$D$69) -> 627268.21
G79: E. GP Promote | I79: =I77-I78 -> 12.441484 | J79: =J77-J78 -> 12.441484 | K79: =K77-K78 -> 12.441484 | L79: =L77-L78 -> 12.441484 | M79: =M77-M78 -> 110694.39 | O79: LP Average Cash on Cash | P79: =AVERAGE(I82:L82)/-H75 -> 0.080070502
O80: LP Equity Multiple | P80: =-SUM(I82:M82)/H82 -> 2.0275502
O81: LP Annualized Return | P81: =(SUM(H82:M82)/5)/E15 -> 0.20551004
G82: H. Total LP Cash Flows (B+D+F) | H82: =SUM(H75:H81) -> -1000000 | I82: =IF(I77>0,I76+I78+I80,I76+I77) -> 80070.502 | J82: =IF(J77>0,J76+J78+J80,J76+J77) -> 80070.502 | K82: =IF(K77>0,K76+K78+K80,K76+K77) -> 80070.502 | L82: =IF(L77>0,L76+L78+L80,L76+L77) -> 80070.502 | M82: =M76+M78+M80 -> 1707268.2 | O82: LP IRR | P82: =IRR(H82:M82) -> 0.16956337
G85: Fund Manager Cash Flows
G86: Due Diligence Fee | H86: =H51 -> 25000 | O86: Total FoF Proceeds | P86: % of Equity Invested
G87: Fund Admin Fee | H87: =H67 -> 0 | I87: =-I68 -> 600 | J87: =-J68 -> 600 | K87: =-K68 -> 600 | L87: =-L68 -> 600 | M87: =-M68 -> 600
G88: Promote | I88: =I79 -> 12.441484 | J88: =J79 -> 12.441484 | K88: =K79 -> 12.441484 | L88: =L79 -> 12.441484 | M88: =M79 -> 110694.39
G89: Total Fund Manager Cash Flows | H89: =SUM(H86:H88) -> 25000 | I89: =SUM(I86:I88) -> 612.44148 | J89: =SUM(J86:J88) -> 612.44148 | K89: =SUM(K86:K88) -> 612.44148 | L89: =SUM(L86:L88) -> 612.44148 | M89: =SUM(M86:M88) -> 111294.39 | O89: =SUM(H89:M89) -> 138744.16 | P89: =O89/$E$15 -> 0.13874416
I93: =I35/-$H$6 -> 0.08 | J93: =J35/-$H$6 -> 0.08 | K93: =K35/-$H$6 -> 0.08 | L93: =L35/-$H$6 -> 0.08 | M93: =M35/-$H$6 -> 1.8178797

Sheet Fund of Funds 2x2
B3: Fund Managers Estimated Returns As a % of Capital Raised
D4: Amount Raised ($Millions)
D5: 0.5 | F5: 1 | H5: 1.5 | J5: 2
B6: Project IRR Possible Outcomes
C7: 0.15 | D7: 0.09252771 | F7: 0.09252771 | H7: 0.09252771 | J7: 0.09252771
C9: 0.2 | D9: 0.14620844 | F9: 0.14620844 | H9: 0.14620844 | J9: 0.14620844
C11: 0.25 | D11: 0.20556455 | F11: 0.20556455 | H11: 0.20556455 | J11: 0.20556455
C13: 0.3 | D13: 0.27242181 | F13: 0.27242181 | H13: 0.27242181 | J13: 0.27242181
B16: Fund Managers Estimated Returns In $s
D17: Amount Raised ($Millions)
D18: 0.5 | F18: 1 | H18: 1.5 | J18: 2
B19: Project $ Return Possible Outcomes
C20: 0.15 | D20: 46263.855 | F20: 92527.71 | H20: 138791.57 | J20: 185055.42
C22: 0.2 | D22: 73104.219 | F22: 146208.44 | H22: 219312.66 | J22: 292416.88
C24: 0.25 | D24: 102782.28 | F24: 205564.55 | H24: 308346.83 | J24: 411129.11
C26: 0.3 | D26: 136210.9 | F26: 272421.81 | H26: 408632.71 | J26: 544843.61
